 Dungeon Crawl Stone Soup version 0.19-a0-1676-g39ae8cc (webtiles) character file.

432344 hairmachine the Demonologist (level 23, -18/186 (190) HPs)
             Began as a Merfolk Gladiator on Sept 22, 2016.
             Was the Champion of Okawaru.
             Demolished by a juggernaut (46 damage)
             ... while paralysed by a floating eye
             ... on level 4 of the Depths on Sept 23, 2016.
             The game lasted 03:46:04 (69775 turns).

hairmachine the Demonologist (Merfolk Gladiator)   Turns: 69775, Time: 03:46:04

HP:   -18/186 (190) AC: 21    Str: 23    XL:     23   Next: 94%
MP:   35/35         EV:  2    Int:  9    God:    Okawaru [******]
Gold: 611           SH:  0    Dex: 21    Spells: 7 memorised, 6 levels left

rFire  + + .     SeeInvis +     f - +6 demon trident (elec)
rCold  + . .     Gourm    .     V - +3 ring mail of Blue Skies {*Corrode rF+ Str+4 SInv}
rNeg   + . .     Faith    .     S - +5 shield of the Evening Star {rElec MR+}
rPois  +         Spirit   .     j - +2 helmet
rElec  +         Dismiss  .     v - +1 cloak {rPois}
rCorr  .         Reflect  +     R - +4 pair of gloves of Taclixiv {rF+ Dex+2}
MR     ++...     Harm     .     h - +0 pair of boots of Age Dora {rC+ rN+}
Stlth  +.........               a - +5 amulet of reflection
                                T - ring of wizardry
                                J - +4 ring of evasion

@: paralysed, very slightly contaminated
A: change form in water, swift swim, stealthy swim
a: Heroism, Finesse, Renounce Religion
}: 2/15 runes: decaying, gossamer


You were on level 4 of the Depths.
You worshipped Okawaru.
Okawaru was exalted by your worship.
You were full.

You visited 8 branches of the dungeon, and saw 40 of its levels.

You collected 4289 gold pieces.
You spent 3678 gold pieces at shops.

Inventory:

Hand Weapons
 f - a +6 demon trident of electrocution (weapon)
Armour
 h - the +0 pair of boots of Age Dora (worn) {rC+ rN+}
   (Okawaru gifted it to you on level 3 of the Depths)

   It protects you from cold.
   It protects you from negative energy.
 j - a +2 helmet (worn)
 v - a +1 cloak of poison resistance (worn)
 R - the +4 pair of gloves of Taclixiv (worn) {rF+ Dex+2}
   (Okawaru gifted it to you on level 14 of the Dungeon)

   It affects your dexterity (+2).
   It protects you from fire.
 S - the +5 shield of the Evening Star (worn) {rElec MR+}
   (Okawaru gifted it to you on level 1 of the Orcish Mines)

   It insulates you from electricity.
   It affects your resistance to hostile enchantments.
 V - the +3 ring mail of Blue Skies (worn) {*Corrode rF+ Str+4 SInv}
   (You found it on level 2 of the Lair of Beasts)

   It affects your strength (+4).
   It protects you from fire.
   It lets you see invisible.
   It may corrode you when you take damage.
Jewellery
 a - a +5 amulet of reflection (around neck)
 J - a +4 ring of evasion (left hand)
 O - an uncursed amulet of regeneration
 T - a ring of wizardry (right hand)
Wands
 A - a wand of digging (10/24)
 W - a wand of hasting (7/9)
Scrolls
 c - 8 scrolls of fear
 d - a scroll of identify
 i - 8 scrolls of amnesia
 k - a scroll of summoning
 m - 2 scrolls of fog
 p - 4 scrolls of blinking
 q - 8 scrolls of magic mapping
 s - 4 scrolls of enchant armour
 y - 2 scrolls of teleportation
 F - 6 scrolls of recharging
 Z - 2 scrolls of holy word
Potions
 e - 2 potions of berserk rage
 l - 7 potions of lignification
 n - 5 potions of curing
 o - 5 potions of brilliance
 t - a potion of beneficial mutation
 w - 6 potions of might
 x - 9 potions of agility
 z - 11 potions of flight
 C - a potion of invisibility
 E - 2 potions of cancellation
 G - 3 potions of haste
 H - 3 potions of magic
 I - 2 potions of cure mutation
 L - 8 potions of ambrosia
 Y - a potion of heal wounds
Books
 b - a book of Summonings

   Spells                             Type                      Level
   a - Recall                         Summoning/Translocation      3
   b - Aura of Abjuration             Summoning                    5
   c - Summon Demon                   Summoning                    5
   d - Summon Forest                  Summoning/Translocation      5
   e - Summon Mana Viper              Hexes/Summoning              5
   f - Shadow Creatures               Summoning                    6
 B - a book of the Dragon

   Spells                             Type                      Level
   a - Flame Tongue                   Conjuration/Fire             1
   b - Cause Fear                     Hexes                        4
   c - Bolt of Fire                   Conjuration/Fire             6
   d - Dragon Form                    Transmutation                7
   e - Dragon's Call                  Summoning                    9
 D - a book of Spatial Translocations

   Spells                             Type                      Level
   a - Apportation                    Translocation                1
   b - Blink                          Translocation                2
   c - Shroud of Golubria             Charms/Translocation         2
   d - Portal Projectile              Translocation                3
   e - Teleport Other                 Translocation                3
   f - Passage of Golubria            Translocation                4
 M - Sif Muna's Reference Book on Flying Orientation
   (You found it on level 3 of the Depths)

   Spells                             Type                      Level
   a - Shock                          Conjuration/Air              1
   b - Repel Missiles                 Charms/Air                   2
   c - Blink                          Translocation                2
   d - Summon Lightning Spire         Summoning/Air                4
   e - Silence                        Hexes/Air                    5
   f - Dispersal                      Translocation                6
 P - a book of Callings

   Spells                             Type                      Level
   a - Summon Small Mammal            Summoning                    1
   b - Call Imp                       Summoning                    2
   c - Call Canine Familiar           Summoning                    3
   d - Summon Guardian Golem          Hexes/Summoning              3
   e - Summon Lightning Spire         Summoning/Air                4
   f - Summon Ice Beast               Ice/Summoning                4
 Q - a book of Death

   Spells                             Type                      Level
   a - Corpse Rot                     Necromancy                   2
   b - Sublimation of Blood           Necromancy                   2
   c - Agony                          Necromancy                   5
   d - Dispel Undead                  Necromancy                   5
   e - Excruciating Wounds            Charms/Necromancy            5
   f - Bolt of Draining               Conjuration/Necromancy       5
Comestibles
 g - 14 meat rations
 r - 10 chunks of flesh
 X - 12 fruits


   Skills:
 - Level 18.1 Fighting
 - Level 14.0 Polearms
 - Level 2.0 Throwing
 - Level 7.1 Armour
 - Level 19.0 Dodging
 - Level 15.4 Shields
 - Level 8.8 Spellcasting
 + Level 24.2 Summonings
 - Level 5.4 Translocations
 - Level 6.3 Invocations
 - Level 2.6 Evocations


You had 6 spell levels left.
You knew the following spells:

 Your Spells              Type           Power        Failure   Level  Hunger
a - Call Imp              Summ           #####...     0%          2    ##.....
b - Apportation           Tloc           ##........   1%          1    None
c - Summon Demon          Summ           #####.....   1%          5    ######.
d - Summon Forest         Summ/Tloc      ####......   1%          5    ######.
e - Aura of Abjuration    Summ           #####.....   1%          5    ######.
f - Shadow Creatures      Summ           N/A          1%          6    #######
g - Dragon's Call         Summ           #####.....   65%         9    #######


Dungeon Overview and Level Annotations

Branches:
Dungeon (15/15)            Temple (1/1) D:4            Lair (6/6) D:9
  Swamp (4/4) Lair:4       Spider (4/4) Lair:4          Orc (2/2) D:11
    Elf (0/3) Orc:2        Vaults (4/5) D:14          Crypt (0/3) Vaults:3
 Depths (4/5) D:15
  Slime: Lair:5-6

Altars:
Ashenzari
Cheibriados
Dithmenos
Kikubaaqudgha
Makhleb
Okawaru
Qazlal
Sif Muna
Trog
Uskayaw
Vehumet
Xom
Yredelemnul
Zin
The Shining One
Beogh

Shops:
D:4 (   D:6 *   D:8 ?   D:10 [   D:15 *   Orc:2 (:*[(   Vaults:4 %!:?:
Depths:1 }*[?=   Depths:2 *=}=}[

Portals:
Hell: Depths:1 Depths:2 Depths:3 Depths:4
Abyss: Depths:1 Depths:4
Pandemonium: Depths:2 Depths:3
Ziggurat: Depths:4

Annotations:
Lair:5 exclusion: 3 oklob plants
Swamp:4 Lernaean hydra
Spider:2 exclusion: 2 ice statues
Depths:1 1 runed door, exclusion: orange crystal statue
Depths:3 Boris


Message History

The juggernaut hits you!
* * * LOW HITPOINT WARNING * * *
The floating eye seems to glare at you.
The floating eye gazes piercingly through you!
You shrug off the repeated paralysis!
You can move again.
Blink to where?
Press: ? - help, Dir - move target cursor You are very lightly contaminated with residual magic.
As you read the scroll of blinking, it crumbles to dust.
The floating eye seems to glare at you.
There is a stone staircase leading down here.
The floating eye gazes piercingly through you!
You suddenly lose the ability to move!
The juggernaut hits you but does no damage.
The juggernaut hits you!
* * * LOW HITPOINT WARNING * * *
The floating eye seems to glare at you. The juggernaut hits you!!!
You die...

## ##QG.## .# ##C##
.######.# #####
........# #...#
.......## #...#
......Q########...#
..................#
........>..Q.....##
.............G.C@#
.................#
...............###
...............#
..(............####
.)................#
........#.........#
..###...#.........#
..# ######.......##


You could see a juggernaut, a tengu warrior and a floating eye.

Vanquished Creatures
  Margery (Vaults:4)
  2 golden dragons (Depths:3)
  Nikola (Lair:4)
  Jorgrun (Swamp:2)
  A tentacled monstrosity (Depths:3)
  Rupert (Orc:1)
  A titan (Vaults:4)
  6 liches
  2 sphinxes
  2 tengu reavers (Depths:3)
  A thorn hunter (Swamp:3)
  A shadow dragon (Depths:1)
  Kirke (Spider:3)
  3 storm dragons
  The ghost of hairmachine the Warrior, an adept DrMo of Hepliaklqana (Swamp:1)
  5 frost giants
  12 vault wardens
  Donald (Vaults:2)
  Louise (Spider:1)
  3 fire giants
  2 emperor scorpions
  An iron dragon (Depths:4)
  2 ghost moths (Spider:4)
  An orc warlord (Orc:1)
  2 deep elf sorcerers (Depths:3)
  Aizul (Depths:3)
  2 spriggan defenders
  A caustic shrike zombie (Depths:1)
  13 ironheart preservers
  3 caustic shrike skeletons (Depths:2)
  A war gargoyle (Vaults:2)
  A ghoul (Vaults:4)
  12 very ugly things
  20 stone giants
  5 entropy weavers
  A deep elf demonologist (Vaults:2)
  2 vampire knights
  Nessos (D:14)
  6 spark wasps
  A deep elf annihilator (Depths:4)
  10 ettins
  3 jiangshi (Depths:3)
  6 deep elf death magi
  A crystal guardian (Vaults:4)
  An eidolon (Vaults:3)
  3 yaktaur captains
  3 great orbs of eyes
  Josephine (D:12)
  27 hydras
  3 vault guards
  7 fire dragons
  9 ice dragons
  A quicksilver dragon skeleton (Depths:2)
  A juggernaut simulacrum (Depths:2)
  4 rakshasas
  A spriggan air mage (Depths:4)
  2 ghost crabs
  2 centaur warriors (Depths:1)
  14 ogre magi
  10 alligators
  Erica (D:9)
  8 death scarabs (Spider:4)
  9 deep troll shamans
  3 death knights
  A tengu warrior (Depths:1)
  10 deep troll earth magi
  5 vampire magi
  Nergalle (Lair:1)
  A titan zombie (Depths:2)
  Urug (D:13)
  4 orc high priests (Orc:2)
  7 hell knights
  Sonja (Lair:1)
  5 deep elf knights
  2 spriggan berserkers
  3 soul eaters (Depths:2)
  A sun demon (Depths:3)
  2 shadow wraiths
  2 titan skeletons (Depths:4)
  2 spectral emperor scorpions (Spider:4)
  18 skeletal warriors
  6 iron trolls
  A fire crab (shapeshifter) (Vaults:3)
  3 golden dragon zombies (Depths:2)
  A quicksilver dragon simulacrum (Depths:3)
  34 deep trolls
  A storm dragon skeleton (Depths:2)
  A spark wasp zombie (Depths:4)
  2 shadow dragon zombies
  5 flayed ghosts
  6 wizards
  15 swamp dragons
  12 ironbrand convokers
  2 unseen horrors (D:15)
  10 hill giants
  2 glowing orange brains
  A lindwurm (Lair:5)
  A shambling mangrove (Swamp:4)
  A spectral wolf spider (Spider:4)
  5 phantasmal warriors
  8 harpies
  2 swamp dragons (shapeshifter)
  3 deep elf archers
  2 wolf spider zombies
  A shining eye (shapeshifter) (Vaults:3)
  3 sphinx zombies
  16 necromancers
  16 orc knights
  57 ugly things
  29 wolf spiders
  12 orb spiders
  6 orc sorcerers
  2 iron dragon zombies (Depths:1)
  12 hornets
  5 cyclopes
  6 deep elf magi
  A salamander (shapeshifter) (D:13)
  A manticore (D:15)
  A sphinx skeleton (Depths:2)
  A stone giant zombie (Depths:1)
  2 frost giant zombies (Depths:2)
  23 elephants
  14 vault sentinels
  An elf zombie (Depths:4)
  5 black mambas
  37 spiny frogs
  A moth of wrath (Spider:4)
  2 guardian serpents (shapeshifter)
  A fire giant skeleton (Depths:1)
  2 centaur skeletons
  4 torpor snails
  A titan simulacrum (Depths:4)
  An elf skeleton (Depths:2)
  A gargoyle (D:14)
  7 centaur zombies
  2 yaktaurs (shapeshifter)
  6 spectral redbacks
  42 yaktaurs
  2 efreet (D:15)
  A rime drake (Lair:2)
  9 komodo dragons
  2 kobold demonologists
  9 demonic crawlers
  A spriggan zombie (Depths:2)
  An ice devil (Depths:3)
  3 redback zombies (Spider:4)
  6 freezing wraiths
  A golden dragon simulacrum (Depths:3)
  10 tyrant leeches
  30 jumping spiders
  6 trolls
  A meliai (shapeshifter) (D:15)
  2 tengu conjurers (Depths:4)
  A troll (shapeshifter) (Vaults:2)
  A tyrant leech (shapeshifter) (Depths:4)
  A shadow dragon simulacrum (Depths:2)
  3 spectral jumping spiders
  23 two-headed ogres
  A two-headed ogre (shapeshifter) (D:15)
  12 bog bodies
  A tengu simulacrum (Depths:3)
  A spectral hornet (Spider:4)
  7 spectral tarantellas
  3 hornet zombies
  37 slime creatures
  9 blink frogs
  A tarantella zombie (Spider:4)
  4 jumping spider zombies (Spider:4)
  14 hippogriffs
  3 spriggan skeletons
  14 dream sheep
  4 shadows
  18 tarantellas
  3 air elementals (Depths:4)
  A centaur simulacrum (D:15)
  7 water elementals
  5 wraiths (D:12)
  A flying skull (Vaults:3)
  3 spriggans
  A spriggan (shapeshifter) (Vaults:3)
  7 wyverns
  2 tarantellas (shapeshifter) (D:15)
  Sigmund (D:3)
  47 yaks
  61 redbacks
  A vampire (D:15)
  A wyvern (shapeshifter) (Depths:4)
  A steam dragon (D:8)
  15 humans
  A basilisk (Lair:6)
  2 hogs (Spider:3)
  2 hungry ghosts
  A yaktaur simulacrum (Vaults:3)
  17 vampire mosquitoes
  A mottled dragon (Vaults:2)
  11 insubstantial wisps
  A human zombie (Depths:2)
  3 wargs
  11 swamp worms
  A water moccasin (shapeshifter) (Vaults:4)
  13 porcupines
  11 water moccasins
  A floating eye (Depths:2)
  2 tengu skeletons
  A human skeleton (Depths:2)
  55 orc warriors
  13 swamp drakes
  5 wasps
  6 ice beasts
  A black bear (shapeshifter) (D:15)
  2 deep troll simulacra (Depths:1)
  2 phantoms
  A black bear (D:10)
  5 sky beasts
  4 wolves (Lair:4)
  An eye of draining (D:12)
  A necrophage (D:3)
  2 boggarts
  16 crocodiles
  72 ogres
  12 centaurs
  An ettin simulacrum (Depths:1)
  6 big kobolds
  37 bullfrogs
  A gnoll sergeant (D:11)
  A water moccasin skeleton (D:9)
  7 scorpions
  3 wights (D:13)
  3 killer bees (D:9)
  A howler monkey (D:4)
  10 electric eels
  A bullfrog zombie (D:12)
  7 crimson imps
  40 orc priests
  5 jellies
  12 hounds
  33 orc wizards
  4 bullfrog skeletons
  20 iguanas
  Terence (D:2)
  9 worker ants
  A hound skeleton (D:6)
  Robin (D:2)
  A howler monkey zombie (D:5)
  5 gnolls
  A howler monkey skeleton (D:6)
  22 adders
  68 river rats
  3 shadow imps
  An ooze (D:3)
  2 adder skeletons
  3 worms
  3 dart slugs (D:1)
  9 leopard geckos
  156 orcs
  6 bats
  9 giant cockroaches
  13 goblins
  12 hobgoblins
  13 jackals
  16 kobolds
  4 quokkas
  6 ball pythons
  3 frilled lizards
  A leopard gecko zombie (D:6)
  A quokka skeleton (D:3)
  2 rats
  A butterfly (Lair:5)
2007 creatures vanquished.

Vanquished Creatures (collateral kills)
  2 emperor scorpions
  2 centaur warriors (Vaults:2)
  An orc knight (D:14)
  An ironbrand convoker (Vaults:2)
  A wolf spider (Spider:3)
  A cyclops (Vaults:2)
  An elephant (Lair:6)
  A yaktaur (Vaults:1)
  A demonic crawler (Spider:3)
  2 jumping spiders (Spider:3)
  2 two-headed ogres (Depths:2)
  A slime creature (Vaults:1)
  2 redbacks
  A spriggan (shapeshifter) (Vaults:2)
  A tarantella (Spider:3)
  2 hogs (Spider:3)
  A human (D:14)
  A vampire mosquito (Lair:6)
  2 orcs (Orc:1)
  3 kobolds (D:14)
29 creatures vanquished.

Vanquished Creatures (others)
  A fire giant (Depths:4)
  4 stone giants
  2 yaktaur captains
  2 centaur warriors (Vaults:2)
  A deep elf archer (Vaults:2)
  An ugly thing (Swamp:3)
  2 cyclopes
  An elephant (shapeshifter) (Vaults:1)
  14 yaktaurs
  A redback (Spider:3)
  A human (Spider:3)
  3 insubstantial wisps (Swamp:2)
  A swamp drake (Swamp:1)
  3 centaurs
  An ogre (Depths:1)
  A bush (D:9)
  23 fungi
  159 plants
  2 snaplasher vines (Vaults:2)
223 creatures vanquished.

Grand Total: 2259 creatures vanquished

Notes
Turn   | Place    | Note
-------+----------+-------------------------------------------
     0 | D:1      | hairmachine the Merfolk Gladiator began the quest for the Orb.
     0 | D:1      | Reached XP level 1. HP: 16/16 MP: 1/1
    86 | D:1      | Reached skill level 5 in Polearms
    93 | D:1      | Reached XP level 2. HP: 20/22 MP: 2/2
   373 | D:2      | Found a shattered altar of Ashenzari.
   373 | D:2      | Noticed Robin
   376 | D:1      | Reached XP level 3. HP: 24/27 MP: 3/3
   514 | D:2      | Noticed Terence
   587 | D:2      | Found a shadowy altar of Dithmenos.
   733 | D:2      | Killed Robin
   733 | D:2      | Reached XP level 4. HP: 24/33 MP: 4/4
  1007 | D:2      | Killed Terence
  1389 | D:2      | Reached XP level 5. HP: 35/38 MP: 5/5
  1585 | D:2      | Found a glowing golden altar of the Shining One.
  1598 | D:2      | Found an ancient bone altar of Kikubaaqudgha.
  2011 | D:3      | Noticed Sigmund
  2018 | D:3      | Killed Sigmund
  2018 | D:3      | Reached skill level 5 in Dodging
  2018 | D:3      | Reached XP level 6. HP: 34/47 MP: 6/6
  2391 | D:3      | Noticed a necrophage
  2415 | D:3      | Killed a necrophage
  2415 | D:3      | Reached XP level 7. HP: 41/53 MP: 7/7
  2446 | D:3      | Found a deep blue altar of Sif Muna.
  2446 | D:3      | Found a shimmering altar of Xom.
  3339 | D:4      | Found a staircase to the Ecumenical Temple.
  3411 | Temple   | Entered the Ecumenical Temple
  3526 | Temple   | Became a worshipper of Warmaster Okawaru
  3594 | D:4      | Reached skill level 10 in Polearms
  3838 | D:4      | Found Rageumoq's Antique Weapon Emporium.
  3902 | D:4      | Reached XP level 8. HP: 61/61 MP: 8/8
  3996 | D:4      | Reached skill level 5 in Fighting
  4000 | D:4      | Noticed a wyvern
  4053 | D:4      | Killed a wyvern
  4053 | D:4      | Reached * piety under Okawaru
  4471 | D:5      | Entered Level 5 of the Dungeon
  4600 | D:5      | Found a stormy altar of Qazlal.
  5087 | D:5      | Found a bloodstained altar of Trog.
  5629 | D:6      | Reached XP level 9. HP: 63/71 MP: 9/9
  5750 | D:6      | Reached ** piety under Okawaru
  5840 | D:6      | Found Tuah's Assorted Antiques.
  6789 | D:7      | Reached *** piety under Okawaru
  7226 | D:7      | Reached skill level 10 in Dodging
  7238 | D:7      | Reached skill level 1 in Invocations
  7351 | D:7      | Got a pitted steel ring
  7545 | D:7      | Identified the ring "Juschoqoi" {Ice Dex+4} (You found it on level 7 of the Dungeon)
  7968 | D:8      | Reached XP level 10. HP: 80/80 MP: 11/11
  8619 | D:8      | Found a snail-covered altar of Cheibriados.
  8625 | D:8      | Found Berasorph's Magic Scroll Shop.
  8667 | D:8      | Bought a scroll of remove curse for 48 gold pieces
  8667 | D:8      | Bought a scroll of fear for 56 gold pieces
  8667 | D:8      | Bought a scroll of identify for 32 gold pieces
  8667 | D:8      | Bought a scroll of noise for 16 gold pieces
  8856 | D:9      | Noticed Erica
  8887 | D:9      | HP: 2/82 [Erica/orb of energy (16)]
  8895 | D:9      | Killed Erica
  8895 | D:9      | Reached **** piety under Okawaru
  9754 | D:9      | Found a staircase to the Lair.
  9823 | D:9      | Reached skill level 5 in Invocations
  9910 | D:9      | Reached ***** piety under Okawaru
 10003 | D:9      | Reached XP level 11. HP: 89/89 MP: 14/14
 10150 | D:9      | Found a glowing silver altar of Zin.
 10383 | Lair:1   | Entered Level 1 of the Lair of Beasts
 10395 | Lair:1   | Reached skill level 1 in Armour
 10660 | Lair:1   | Noticed Nergalle
 10664 | Lair:1   | Noticed an eight-headed hydra
 10705 | Lair:1   | Killed Nergalle
 10705 | Lair:1   | Reached skill level 10 in Fighting
 11392 | D:9      | Killed an eight-headed hydra
 11550 | Lair:1   | Received a gift from Okawaru
 11867 | Lair:1   | Noticed Sonja
 11876 | Lair:1   | Killed Sonja
 11876 | Lair:1   | Received a gift from Okawaru
 12734 | Lair:2   | Got an encrusted ring mail
 12735 | Lair:2   | Identified the +3 ring mail of Blue Skies {*Corrode rF+ Str+4 SInv} (You found it on level 2 of the Lair of Beasts)
 12819 | Lair:2   | Reached ****** piety under Okawaru
 12819 | Lair:2   | Reached skill level 1 in Evocations
 12829 | Lair:2   | Received a gift from Okawaru
 12835 | Lair:2   | Got a faintly glowing buckler {god gift}
 12841 | Lair:2   | Identified the -3 buckler of Autumn {-Cast +Blink rN+} (Okawaru gifted it to you on level 2 of the Lair of Beasts)
 13048 | Lair:2   | Noticed an eight-headed hydra
 13050 | Lair:2   | Reached XP level 12. HP: 62/100 MP: 15/15
 13084 | Lair:2   | Killed an eight-headed hydra
 13727 | Lair:3   | Noticed a six-headed hydra
 13748 | Lair:3   | Killed a six-headed hydra
 13777 | Lair:3   | Noticed a six-headed hydra
 14007 | Lair:3   | Killed a six-headed hydra
 14679 | Lair:3   | Learned a level 2 spell: Call Imp
 14742 | Lair:3   | Noticed a four-headed hydra
 14756 | Lair:3   | Killed a four-headed hydra
 14756 | Lair:3   | Reached skill level 1 in Summonings
 15053 | Lair:3   | Noticed a death yak
 15053 | Lair:3   | Noticed a death yak
 15054 | Lair:3   | Noticed a death yak
 15054 | Lair:3   | Noticed a death yak
 15055 | Lair:3   | Noticed a death yak
 15087 | Lair:3   | Reached skill level 2 in Summonings
 15090 | Lair:3   | Noticed a four-headed hydra
 15129 | Lair:2   | Killed a four-headed hydra
 15443 | Lair:3   | Reached skill level 3 in Summonings
 15623 | Lair:4   | Reached skill level 1 in Shields
 15740 | Lair:4   | Reached skill level 4 in Summonings
 15774 | Lair:4   | Reached XP level 13. HP: 90/109 MP: 17/17
 15780 | Lair:4   | Received a gift from Okawaru
 16006 | Lair:4   | Reached skill level 5 in Summonings
 16382 | Lair:4   | Found a hole to the Spider Nest.
 16489 | Lair:4   | Found a staircase to the Swamp.
 16922 | Lair:4   | Reached skill level 6 in Summonings
 17434 | Lair:5   | Reached skill level 7 in Summonings
 17450 | Lair:5   | Received a gift from Okawaru
 18103 | Lair:5   | Received a gift from Okawaru
 18409 | Lair:6   | Entered Level 6 of the Lair of Beasts
 18522 | Lair:6   | Reached skill level 8 in Summonings
 18623 | Lair:6   | Reached XP level 14. HP: 80/121 MP: 8/18
 18727 | Lair:5   | Received a gift from Okawaru
 19193 | Lair:6   | Received a gift from Okawaru
 19193 | Lair:6   | Reached skill level 5 in Shields
 19981 | Lair:6   | Got a clouded emerald amulet
 19982 | Lair:6   | Identified the amulet "Kiujegew" {Inacc Int+2} (You found it on level 6 of the Lair of Beasts)
 19998 | Lair:6   | Reached skill level 15 in Fighting
 20065 | Lair:6   | Reached skill level 5 in Armour
 20736 | Lair:6   | Received a gift from Okawaru
 21383 | D:10     | Entered Level 10 of the Dungeon
 21508 | D:10     | Found Nosavo's Armour Shop.
 21784 | D:10     | Learned a level 1 spell: Apportation
 22427 | D:11     | Reached skill level 1 in Translocations
 22635 | D:11     | Found a staircase to the Orcish Mines.
 23508 | D:12     | Noticed Josephine
 23542 | D:12     | Reached XP level 15. HP: 128/130 MP: 19/19
 23565 | D:12     | Killed Josephine
 25297 | Orc:1    | Entered Level 1 of the Orcish Mines
 25299 | Orc:1    | Found a roughly hewn altar of Beogh.
 25917 | Orc:2    | Entered Level 2 of the Orcish Mines
 25917 | Orc:2    | Found a staircase to the Elven Halls.
 25931 | Orc:2    | Noticed Rupert
 25967 | Orc:1    | Paralysed by Rupert for 5 turns
 25968 | Orc:1    | Killed Rupert
 25968 | Orc:1    | Received a gift from Okawaru
 26017 | Orc:1    | Got a dazzling shield {god gift}
 26028 | Orc:1    | Identified the +5 shield of the Evening Star {rElec MR+} (Okawaru gifted it to you on level 1 of the Orcish Mines)
 26114 | Orc:2    | Found Cozia's Weapon Emporium.
 26916 | Orc:2    | Gained mutation: You are weak. (Str -2) [a neqoxec]
 27445 | Orc:2    | Paralysed by an orc sorcerer for 2 turns
 27533 | Orc:2    | Noticed an orc warlord
 27598 | Orc:1    | Killed an orc warlord
 27598 | Orc:1    | Reached skill level 15 in Dodging
 27598 | Orc:1    | Reached skill level 5 in Translocations
 28280 | Orc:2    | Found Icvusi's General Store.
 28281 | Orc:2    | Found Deuczak's Book Shop.
 28282 | Orc:2    | Found Ewiuni's Antique Armour Boutique.
 28282 | Orc:2    | Found Geuf's Antique Weapon Boutique.
 28286 | Orc:2    | Bought a pair of glowing gloves for 130 gold pieces
 28296 | Orc:2    | Bought 2 potions of agility for 120 gold pieces
 28296 | Orc:2    | Bought a scroll of blinking for 112 gold pieces
 28297 | Orc:2    | Bought a book of Summonings for 1050 gold pieces
 28298 | Orc:2    | Gained mutation: You have a pair of small antennae on your head. [potion of mutation]
 28298 | Orc:2    | Gained mutation: You are very weak. (Str -4) [potion of mutation]
 28300 | Orc:2    | Gained mutation: You are covered in fur. (AC +1) [potion of beneficial mutation]
 28304 | Orc:2    | Lost mutation: You are very weak. (Str -4) [potion of cure mutation]
 28304 | Orc:2    | Lost mutation: You are weak. (Str -2) [potion of cure mutation]
 28304 | Orc:2    | Lost mutation: You are covered in fur. (AC +1) [potion of cure mutation]
 28304 | Orc:2    | Lost mutation: You have a pair of small antennae on your head. [potion of cure mutation]
 28334 | Orc:2    | Learned a level 5 spell: Summon Demon
 29105 | D:13     | Noticed Urug
 29128 | D:13     | Killed Urug
 29351 | D:13     | Reached skill level 9 in Summonings
 29508 | D:13     | Received a gift from Okawaru
 29643 | D:14     | Found a gate to the Vaults.
 29643 | D:14     | Noticed Nessos
 29926 | D:14     | Killed Nessos
 29926 | D:14     | Received a gift from Okawaru
 29926 | D:14     | Reached XP level 16. HP: 126/138 MP: 17/20
 30076 | D:14     | Found Jiskuoc's General Store.
 30303 | D:14     | Reached skill level 10 in Summonings
 30330 | D:14     | Received a gift from Okawaru
 30333 | D:14     | Got a pair of transparent gloves {god gift}
 30363 | D:14     | Identified the +4 pair of gloves of Taclixiv {rF+ Dex+2} (Okawaru gifted it to you on level 14 of the Dungeon)
 30427 | D:14     | You fall through a shaft!
 30427 | D:15     | Entered Level 15 of the Dungeon
 31189 | D:14     | Found a burning altar of Makhleb.
 31930 | D:14     | Reached skill level 11 in Summonings
 32512 | Swamp:1  | Entered Level 1 of the Swamp
 32515 | Swamp:1  | Noticed hairmachine's ghost (adept DrMo)
 32588 | Swamp:1  | Noticed Nikola
 32707 | Lair:4   | HP: 3/138 [Nikola/chain lightning (41)]
 32728 | Lair:4   | Killed Nikola
 33064 | Swamp:1  | Killed hairmachine's ghost
 33842 | Swamp:1  | Received a gift from Okawaru
 34275 | Swamp:2  | Noticed Jorgrun
 34299 | Swamp:2  | Killed Jorgrun
 34299 | Swamp:2  | Reached skill level 1 in Spellcasting
 34299 | Swamp:2  | Reached skill level 12 in Summonings
 34651 | Swamp:2  | Reached XP level 17. HP: 125/144 MP: 21/21
 35263 | Swamp:2  | Reached skill level 10 in Shields
 36635 | Swamp:4  | Entered Level 4 of the Swamp
 36691 | Swamp:4  | Received a gift from Okawaru
 37698 | Swamp:4  | Received a gift from Okawaru
 37930 | Swamp:4  | Reached skill level 5 in Spellcasting
 38245 | Swamp:4  | Learned a level 5 spell: Summon Forest
 38386 | Swamp:4  | Reached skill level 13 in Summonings
 38698 | Swamp:4  | Got a decaying rune of Zot
 38730 | Swamp:4  | Noticed the 27-headed Lernaean hydra
 38875 | Spider:1 | Entered Level 1 of the Spider Nest
 38897 | Lair:4   | Received a gift from Okawaru
 39206 | Spider:1 | Learned a level 5 spell: Aura of Abjuration
 39600 | Spider:1 | Noticed Louise
 39648 | Spider:1 | Killed Louise
 40160 | Spider:2 | Upgraded the game from 0.19-a0-1672-g679cadd to 0.19-a0-1676-g39ae8cc
 40229 | Spider:2 | Found a frozen archway.
 40778 | Spider:2 | Reached XP level 18. HP: 151/151 MP: 26/26
 40922 | Spider:2 | Reached skill level 14 in Summonings
 40997 | Spider:2 | Received a gift from Okawaru
 42160 | Spider:3 | Learned a level 6 spell: Shadow Creatures
 42250 | Spider:4 | Entered Level 4 of the Spider Nest
 42519 | Spider:4 | Noticed Kirke
 42648 | Spider:3 | Killed Kirke
 44589 | Spider:4 | Received a gift from Okawaru
 44704 | Spider:4 | Reached skill level 15 in Summonings
 44894 | Spider:4 | Received a gift from Okawaru
 44931 | Spider:4 | Got a polished ring mail {god gift}
 44942 | Spider:4 | Identified the +5 ring mail "Ratabb" {Str+4} (Okawaru gifted it to you on level 4 of the Spider Nest)
 45163 | Spider:4 | Got a gossamer rune of Zot
 46897 | D:15     | Found Rekempif's Assorted Antiques.
 46924 | D:15     | Bought a scroll of teleportation for 75 gold pieces
 47101 | D:15     | Reached XP level 19. HP: 157/157 MP: 27/27
 47319 | D:15     | Found a staircase to the Depths.
 47553 | Vaults:1 | Entered Level 1 of the Vaults
 48182 | Vaults:1 | Reached skill level 16 in Summonings
 48313 | Vaults:1 | Received a gift from Okawaru
 48503 | Vaults:1 | Got a pair of pitted boots {god gift}
 48514 | Vaults:1 | Identified the +1 pair of boots of Hotiuf {Str+4} (Okawaru gifted it to you on level 1 of the Vaults)
 50986 | Vaults:2 | Reached skill level 15 in Shields
 51256 | Vaults:2 | Received a gift from Okawaru
 51847 | Vaults:2 | Noticed a Tzitzimitl
 52266 | Vaults:2 | Reached XP level 20. HP: 100/165 MP: 28/32
 52920 | Vaults:3 | Found a staircase to the Crypt.
 53261 | Vaults:3 | Noticed Donald
 53615 | Vaults:2 | Reached skill level 17 in Summonings
 53693 | Vaults:2 | Killed Donald
 54017 | Vaults:3 | Received a gift from Okawaru
 54490 | Vaults:3 | Received a gift from Okawaru
 55135 | Vaults:4 | Found Roram's Distillery.
 55144 | Vaults:4 | Bought a potion of curing for 36 gold pieces
 55144 | Vaults:4 | Bought 2 potions of haste for 240 gold pieces
 55144 | Vaults:4 | Bought a potion of magic for 96 gold pieces
 55144 | Vaults:4 | Bought a potion of curing for 36 gold pieces
 55144 | Vaults:4 | Bought a potion of agility for 48 gold pieces
 55216 | Vaults:4 | Found Nohan's Book Shoppe.
 55347 | Vaults:4 | Received a gift from Okawaru
 55362 | Vaults:4 | Found Hokkaicag's Book Boutique.
 55683 | Vaults:4 | Found Piozxuli's Magic Scroll Shoppe.
 55690 | Vaults:4 | Bought a scroll of enchant weapon for 90 gold pieces
 56325 | Vaults:4 | Reached XP level 21. HP: 175/175 MP: 33/33
 56332 | Vaults:4 | Noticed Margery
 56394 | Vaults:4 | Killed Margery
 56394 | Vaults:4 | Reached skill level 18 in Summonings
 56921 | Vaults:4 | Received a gift from Okawaru
 57084 | Vaults:4 | Noticed Mara
 57086 | Vaults:4 | Noticed hairmachine's illusion
 57109 | Vaults:4 | Noticed hairmachine's illusion
 57149 | Vaults:4 | HP: 6/176 [titan (34)]
 57892 | Vaults:4 | Noticed hairmachine's illusion
 58559 | Vaults:4 | Found Jetaogoq's Food Shoppe.
 58764 | Vaults:2 | Received a gift from Okawaru
 59027 | Orc:2    | Bought a book of the Dragon for 1350 gold pieces
 59037 | Orc:2    | Learned a level 9 spell: Dragon's Call
 59291 | Depths:1 | Entered Level 1 of the Depths
 59378 | Depths:1 | Found Wallim's Jewellery Boutique.
 59618 | Depths:1 | Found a runed door.
 59652 | Depths:1 | Found a basalt altar of Yredelemnul.
 59654 | Depths:1 | Found Zezxasum's Antique Armour Boutique.
 59680 | Depths:1 | Reached skill level 19 in Summonings
 60012 | Depths:1 | Found a one-way gate to the infinite horrors of the Abyss.
 60050 | Depths:1 | Found a gateway to Hell.
 60129 | Depths:1 | Found Dazyvul's Magic Scroll Emporium.
 60146 | Depths:1 | Bought a scroll of fear for 77 gold pieces
 60146 | Depths:1 | Bought a scroll of teleportation for 66 gold pieces
 61041 | Depths:1 | Reached XP level 22. HP: 184/184 MP: 34/34
 61243 | Depths:1 | Reached skill level 20 in Summonings
 61331 | Depths:1 | Received a gift from Okawaru
 61337 | Depths:1 | Found Kumos's Gadget Shoppe.
 61452 | Depths:1 | Found Ytateduemu's Assorted Antiques.
 61989 | Depths:2 | Found Aduik's Jewellery Boutique.
 61990 | Depths:2 | Found Joqok's Gadget Emporium.
 61990 | Depths:2 | Found Ilent's Gadget Emporium.
 62036 | Depths:2 | Received a gift from Okawaru
 62150 | Depths:2 | Found Koen's Antique Armour Emporium.
 62675 | Depths:2 | Reached skill level 21 in Summonings
 62710 | Depths:2 | Found Yseugan's Assorted Antiques.
 62725 | Depths:2 | Found a one-way gate leading to the halls of Pandemonium.
 63203 | Depths:2 | Found Qealuan's Jewellery Shop.
 63214 | Depths:2 | Received a gift from Okawaru
 63272 | Depths:2 | Found an ancient bone altar of Kikubaaqudgha.
 64551 | Depths:3 | Reached skill level 22 in Summonings
 64929 | Depths:3 | Reached XP level 23. HP: 190/190 MP: 35/35
 65426 | Depths:3 | Noticed a golden dragon
 65490 | Depths:3 | Killed a golden dragon
 65510 | Depths:3 | Received a gift from Okawaru
 65516 | Depths:3 | Got a pair of steaming boots {god gift}
 65706 | Depths:3 | Identified the +0 pair of boots of Age Dora {rC+ rN+} (Okawaru gifted it to you on level 3 of the Depths)
 65722 | Depths:3 | Noticed Boris
 65724 | Depths:3 | Noticed a golden dragon
 65774 | Depths:3 | Killed a golden dragon
 66314 | Depths:3 | Noticed Aizul
 66324 | Depths:3 | Killed Aizul
 66551 | Depths:3 | Reached skill level 23 in Summonings
 66563 | Depths:3 | Identified Sif Muna's Reference Book on Flying Orientation
 67883 | Depths:4 | Found a gateway to a ziggurat.
 68709 | Depths:4 | Received a gift from Okawaru
 68917 | Depths:4 | Reached skill level 24 in Summonings
 69740 | Depths:4 | Noticed a juggernaut
 69749 | Depths:4 | Paralysed by a floating eye for 4 turns
 69758 | Depths:4 | Paralysed by a floating eye for 4 turns
 69772 | Depths:4 | Paralysed by a floating eye for 4 turns
 69775 | Depths:4 | Demolished by a juggernaut

Vault maps used:
D:1:      erik_arrival_blinker_ship
D:2:      ashenzari_altar_1, minitemple, grunt_dithmenos_smoke_and_mirrors,
          first_bread, uniq_terence, uniq_robin
D:3:      wad_woods_pond, gammafunk_temple_overflow_statue,
          minmay_snake_closets, uniq_sigmund
D:4:      serial_shops, shop
D:5:      old_standard_altar, trog_book
D:6:      serial_shops, shop
D:7:      minivault_10, grunt_ogre_cave
D:8:      kennysheep_mini, special_room, serial_shops, shop, st_stairs_4
D:9:      nicolae_overflow_crystal_walls, minmay_lair_entry_grove, uniq_erica
D:10:     serial_shops, nicolae_shop_crystal, kennysheep_small_spiral
D:11:     kennysheep_orc_monster_closet_entryway
D:12:     lemuel_upstairs_altar, uniq_josephine
D:13:     uniq_urug
D:14:     david_vaults_3, lab_entry_generic, serial_shops, shop_statue,
          basic_altar, hangedman_decor_riveting
D:15:     gammafunk_enter_depths_forms, serial_shops, shop, hive_lemuel
Temple:   nicolae_temple_hex_pool
Lair:1:   st_stairs_12, grunt_megastairs_4, uniq_sonja, uniq_nergalle
Lair:2:   grunt_megastairs_5
Lair:4:   swamp_mist_pool, nicolae_spider_entry_non_spiders,
          infiniplex_staircase_pool
Lair:5:   minmay_slime_entry_oklob_enclosed, grunt_forest_small_clearing_treed,
          lemuel_fruit_fields
Lair:6:   minmay_lair_end_frog_pond
Swamp:1:  evilmike_swamp_ruin_house_3, uniq_nikola
Swamp:2:  hangedman_swamp_ruin_wall, uniq_jorgrun
Swamp:3:  nicolae_swamp_stair_fork, swamp_pool1
Swamp:4:  swamp_basic_johnstein
Spider:1: uniq_louise
Spider:2: portal_ice_cave_entry_ice_statue_two
Spider:4: floodkiller_spider_rune_tomb, uniq_kirke
Orc:1:    basic_altar
Orc:2:    st_orc_congregation, serial_shops, shop, uniq_rupert
Vaults:1: nicolae_vaults_network_barrier, nicolae_vaults_alarming,
          grunt_vaults_swirl, hangedman_vaults_stagger,
          nicolae_vaults_network_quincunx, hangedman_vaults_capsules,
          nicolae_vaults_circle_grid_a, vaults_room_ringed_pool
Vaults:2: vaults_room_door_ring, hangedman_vaults_maws, v_alt_pattern_6,
          grunt_vaults_hallway_short, nicolae_vaults_big_ls,
          vaults_standard_mumra_lines, grunt_vaults_funnel, st_more_cells,
          serial_glass
Vaults:3: nicolae_vaults_stairing_the_circle, minmay_crypt_entry_simple_round,
          hangedman_vaults_snaps, v_misc_18, v_misc_14, vaults_room_pools,
          nicolae_vaults_border_crossing, v_pattern_2, v_misc_18, uniq_donald
Vaults:4: v_rooms_1, v_misc_12, hangedman_vaults_trim,
          nicolae_vaults_twisting_passages, v_misc_18, v_misc_9,
          nicolae_vaults_rhombus_6, dpeg_vaults_waves, vaults_room_fancy_cross,
          grunt_vaults_hallway_long, grunt_vaults_hallway_short,
          nicolae_vaults_rhombus_5, v_alt_pattern_1, ontoclasm_vaults_shuriken,
          vaults_dpeg_diagonal, ontoclasm_vaults_fault, serial_shops, shop,
          nicolae_shop_behind_doors, nicolae_shop_window_shopping,
          nicolae_shop_crystal, nicolae_shop_behind_doors, uniq_mara,
          uniq_margery
Depths:1: serial_shops, shop, nicolae_shop_behind_doors, shop, shop, shop,
          hangedman_geh_valley, lemuel_crystal_altar,
          hangedman_abyss_entry_splay, serial_bayou_lagoon_a, spider_trap,
          minmay_crystal_box, grunt_megastairs_2, serial_bayou_shore_b,
          serial_bayou_shore_b
Depths:2: evilmike_negative_zone, grunt_metal_band, serial_shops, shop, shop,
          nicolae_shop_waterfront, pan_entry, minmay_shop_grove,
          infiniplex_staircase_zigzag_5
Depths:3: minmay_box_of_curves, pan_entry, hangedman_coc_ice_floe,
          minmay_staircase_statues_hall_small, minivault_1,
          hangedman_abyss_or_decor_stabs, serial_bayou_shore_b, uniq_aizul,
          uniq_boris
Depths:4: thingy_vault, enter_ziggurat_b, abyss_entry, hell_entry,
          infiniplex_staircase_star

Skill      XL: |  1  2  3  4  5  6  7  8  9 10 11 12 13 14 15 16 17 18 19 20 21 22 23 |
---------------+----------------------------------------------------------------------+-----
Polearms       | 5 6 7 8 9 10 11 12 14 | 14.0
Fighting       | 3 4 6 8 9 11 12 14 15 16 17 18 | 18.1
Dodging        | 5 6 8 10 11 13 14 16 18 19 | 19.0
Invocations    | 2 5 6 |  6.3
Armour         | 3 6 7 |  7.1
Evocations     | 2 |  2.6
Summonings     | 4 8 9 12 13 15 16 17 19 22 24 | 24.2
Shields        | 2 4 7 9 12 14 15 | 15.4
Translocations | 2 5 |  5.4
Spellcasting   | 2 5 8 |  8.8
Throwing       | |  2.0

Action                   |  1- 3 |  4- 6 |  7- 9 | 10-12 | 13-15 | 16-18 | 19-21 | 22-24 || total
-------------------------+-------+-------+-------+-------+-------+-------+-------+-------++-------
Melee: Trident           |    84 |   167 |   501 |  1005 |  2931 |  3719 |  1488 |       ||  9895
       Punch             |       |       |       |     3 |       |       |       |       ||     3
       Tailslap          |       |       |       |       |    16 |   204 |       |    31 ||   251
       Spear             |       |       |       |       |       |    70 |       |       ||    70
       Unarmed           |       |       |       |       |       |     4 |       |       ||     4
       Demon trident     |       |       |       |       |       |       |  1367 |  1726 ||  3093
Throw: Throwing net      |       |       |       |     3 |       |       |       |       ||     3
 Cast: Call Imp          |       |       |       |       |    27 |     5 |       |       ||    32
       Summon Demon      |       |       |       |       |       |    13 |    10 |     2 ||    25
       Aura of Abjuratio |       |       |       |       |       |     1 |     8 |     2 ||    11
       Summon Forest     |       |       |       |       |       |       |     1 |     1 ||     2
Invok: Heroism           |       |       |       |     6 |     6 |     7 |     9 |     4 ||    32
       Finesse           |       |       |       |       |     2 |     6 |     5 |     1 ||    14
Evoke: Wand              |       |       |       |     2 |       |       |     1 |       ||     3
  Use: Potion            |     2 |       |     1 |     7 |     8 |    12 |    14 |     2 ||    46
       Scroll            |       |     2 |     3 |     2 |    13 |     7 |    13 |     2 ||    42
 Stab: Held in net/web   |       |       |       |     4 |       |     1 |       |       ||     5
       Paralysed         |       |       |       |     3 |       |       |       |       ||     3
       Distracted        |       |       |       |       |     2 |     6 |     3 |       ||    11
       Sleeping          |       |       |       |       |       |     2 |       |       ||     2
       Invisible         |       |       |       |       |       |    10 |       |       ||    10
  Eat: Chunk             |       |     5 |    18 |    20 |    49 |    30 |    40 |    22 ||   184
       Beef jerky        |       |       |       |     4 |     1 |     9 |     1 |     1 ||    16
       Fruit             |       |       |       |       |     1 |     2 |     1 |       ||     4
       Royal jelly       |       |       |       |       |       |     2 |       |       ||     2
       Pizza             |       |       |       |       |       |     1 |     1 |     3 ||     5
       Bread ration      |       |       |       |       |       |     3 |     1 |     2 ||     6
       Meat ration       |       |       |       |       |       |       |     1 |       ||     1
Armor: Leather armour    |     3 |       |       |       |       |       |       |       ||     3
       Ring mail         |    24 |    11 |       |    57 |   280 |   433 |   145 |    82 ||  1032
       Scale mail        |       |    49 |    67 |       |       |       |       |       ||   116
       Chain mail        |       |       |    55 |    88 |       |       |       |       ||   143
       Skin              |       |       |       |    22 |       |       |       |       ||    22
Dodge: Dodged            |    54 |    83 |   185 |   506 |  1436 |  1959 |   737 |   554 ||  5514
Block: Other             |       |       |    54 |   165 |       |     1 |       |       ||   220
       Reflection        |       |       |     1 |     3 |    36 |    11 |   150 |    61 ||   262
       Buckler           |       |       |       |    15 |  1116 |   490 |       |       ||  1621
       Shield            |       |       |       |       |       |  2415 |  1884 |  1051 ||  5350
